 Dungeon Crawl Stone Soup version 0.30-a0-1-g69b7b797bf (webtiles) character file.

Game seed: 10590610800903488346

380 Lampens the Vexing (level 6, 0/28 HPs)
             Began as a Spriggan Enchanter on Aug 19, 2022.
             Slain by a hobgoblin
             ... wielding a +0 scythe
              (6 damage)
             ... on level 4 of the Dungeon.
             The game lasted 00:08:18 (4449 turns).

Lampens the Vexing (Spriggan Enchanter)             Turns: 4449, Time: 00:08:19

Health: 0/28       AC:  5    Str:  6    XL:     6   Next: 46%
Magic:  15/15      EV: 17    Int: 17    God:
Gold:   230        SH:  0    Dex: 15    Spells: 8/16 levels left

rFire   . . .      SeeInvis +    n - +4 dagger
rCold   . . .      Faith    .    (no shield)
rNeg    . . .      Spirit   .    b - +1 robe
rPois   .          Reflect  .    f - +2 hat
rElec   .          Harm     .    (no cloak)
rCorr   .          Rampage  .    (gloves unavailable)
Will    +....                    (boots unavailable)
Stlth   +++.......               (no amulet)
HPRegen 0.09/turn                (no ring)
MPRegen 0.14/turn                (no ring)

@: very quick
A: very small, no large weapons, unfitting armour, see invisible, speed 3
a: no special abilities


You were on level 4 of the Dungeon.
You visited 1 branch of the dungeon, and saw 6 of its levels.

You collected 230 gold pieces.

Inventory:

Hand Weapons
 a - a +1 dagger
 n - a +4 dagger (weapon)
Missiles
 l - 5 curare-tipped darts (quivered)
Armour
 b - a +1 robe (worn)
 f - a +2 hat (worn)
Scrolls
 g - a scroll of summoning
 h - 2 scrolls of magic mapping
 j - a scroll of immolation
 k - a scroll of teleportation
Potions
 c - 2 potions of invisibility
 d - 2 potions of flight
 e - a potion of mutation {unknown}
 i - 2 potions of lignification {unknown}
 m - 2 potions of curing {unknown}


   Skills:
 - Level 1.1 Short Blades
 - Level 2.6 Dodging
 + Level 6.0 Stealth
 + Level 5.8 Spellcasting
 + Level 6.3 Hexes


You had 8 spell levels left.
You knew the following spells:

 Your Spells              Type           Power      Damage    Failure   Level
a - Ensorcelled Hibernat  Hex/Ice        30%        N/A       5%          2
b - Tukima's Dance        Hex            26%        N/A       3%          3
d - Confusing Touch       Hex            26%        N/A       3%          3

Your spell library contained the following spells:

 Spells                   Type           Power      Damage    Failure   Level
 Dazzling Flash           Conj/Hex       30%        N/A       11%         3
 Yara's Violent Unravell  Hex/Tmut       7%         3d5       69%         5
 Passage of Golubria      Tloc           4%         N/A       78%         4


Dungeon Overview and Level Annotations

Branches:
Dungeon (6/15)
 Temple: D:4-7

Altars:
Ashenzari
Hepliaklqana
Okawaru
Vehumet
Xom
Yredelemnul

Annotations:
D:4 Sigmund


Innate Abilities, Weirdness & Mutations

You are very small and have problems with some larger weapons.
You are too small for most types of armour.
You have supernaturally acute eyesight. (SInv)
You cover ground extremely quickly. (Speed+++)


Message History

The orc hits you with a +0 flail.
Unknown command.
You closely miss the orc.
The orc is severely wounded.
The orc barely misses you.
Unknown command.
Casting: Tukima's Dance (dangerous; 3% risk of failure)
Confirm with . or Enter, or press ? or * to list all spells.
Aiming: Ensorcelled Hibernation (safe; 5% risk of failure)
Press: ? - help, Shift-Dir - straight line, f - orc
Aim: an orc, wielding a +0 flail and quivering boomerangs (severely wounded, chance to affect: 66%)
The orc looks drowsy...
The helpless orc fails to defend itself.
You impale the orc!!
You kill the orc!
Things that are here:
a +0 flail; 2 boomerangs You see here a +4 dagger.
n - a +4 dagger (weapon)
Unknown command.
You open the door. 3 hobgoblins and Sigmund come into view. 2 hobgoblins come into view.
The hobgoblin shouts! x4; Sigmund shouts!
The hobgoblin shouts!
There is an open door here.
You hit the hobgoblin but do no damage.
The hobgoblin hits you with a +0 scythe.
Sigmund misses you. The hobgoblin closely misses you. The hobgoblin misses you.
The hobgoblin hits you with a +0 scythe.
The hobgoblin misses you.
Unknown command.
The hobgoblin barely misses you. x2
The hobgoblin hits you from afar with a +0 scythe!
* * * LOW HITPOINT WARNING * * *
Really read the scroll of immolation?
As you read the scroll of immolation, it crumbles to dust.
The creatures around you are filled with an inner flame!
The hobgoblin misses you. x2
The hobgoblin hits you from afar with a +0 scythe.
You die...

##.....##
#...
#.......#
##.#
####..)..##
#+#
#........#
#........#
#.##.##..#
#.##.#...###
#...........
#.@......###
##'##....#
#ggg######
#g@g# #####


You could see Sigmund (inner flame) and 5 hobgoblins.

Vanquished Creatures
  2 orc wizards
  3 gnolls (D:4)
  5 adders
  A worm (D:2)
  2 dart slugs
  13 orcs
  6 bats
  2 endoplasms (D:1)
  3 giant cockroaches
  7 goblins
  6 hobgoblins
  5 kobolds
  2 quokkas
  2 ball pythons
  A frilled lizard (D:3)
  7 rats
  A butterfly (D:3)
68 creatures vanquished.

Vanquished Creatures (collateral kills)
  2 ogres (D:4)
  An orc (D:4)
3 creatures vanquished.

Vanquished Creatures (others)
  2 dancing weapons
2 creatures vanquished.

Grand Total: 73 creatures vanquished

Notes
Turn   | Place    | Note
-------+----------+-------------------------------------------
     0 | D:1      | Lampens the Spriggan Enchanter began the quest for the Orb.
     0 | D:1      | Reached XP level 1. HP: 9/9 MP: 5/5
     3 | D:1      | Noticed an electric eel
     4 | D:1      | Noticed an electric eel
   261 | D:1      | Reached XP level 2. HP: 13/13 MP: 7/7
   264 | D:1      | Learned a level 2 spell: Ensorcelled Hibernation
  1374 | D:2      | Found a faded altar of an unknown god.
  1431 | D:2      | Reached XP level 3. HP: 16/16 MP: 1/9
  1435 | D:2      | Learned a level 3 spell: Tukima's Dance
  1439 | D:2      | Learned a level 3 spell: Confusing Touch
  1952 | D:3      | Found a broken altar of Ashenzari.
  1984 | D:3      | Found a shimmering altar of Xom.
  2156 | D:3      | Found a basalt altar of Yredelemnul.
  2193 | D:3      | Reached skill level 5 in Hexes
  2193 | D:3      | Reached XP level 4. HP: 13/21 MP: 7/11
  2310 | D:3      | Found a hazy altar of Hepliaklqana.
  3363 | D:4      | Found a radiant altar of Vehumet.
  3375 | D:4      | Reached XP level 5. HP: 24/24 MP: 8/13
  3562 | D:4      | Noticed an ogre
  3582 | D:4      | Killed an ogre
  3583 | D:4      | Reached skill level 5 in Stealth
  3583 | D:4      | Reached skill level 5 in Spellcasting
  3879 | D:4      | Found an iron altar of Okawaru.
  3884 | D:4      | Reached XP level 6. HP: 28/28 MP: 13/15
  3960 | D:4      | You fall into a shaft and drop 2 floors!
  3969 | D:5      | Entered Level 5 of the Dungeon
  3982 | D:5      | Noticed a water moccasin
  4445 | D:4      | Noticed Sigmund
  4449 | D:4      | Slain by a hobgoblin

Illustrated notes

Levels and vault maps discovered:
D:1:      arrival_aquarium_b, layout_basic, minmay_misc_feat_alley
D:2:      layout_basic, nicolae_ecumenical_pavilion
D:3:      layout_loops_ring, xom_butterflies, nicolae_ashenzari_panopticon,
          lemuel_tele_altar, mainiacjoe_overflow_24_doors, serial_aquarium,
          aquarium_bridge_long_separate [aquarium_subvault_wall,
          aquarium_subvault_bridge, aquarium_subvault_bridge,
          aquarium_subvault_wall, aquarium_subvault_window,
          aquarium_subvault_bridge], aquarium_window_2, aquarium_window_1,
          aquarium_window_fake, aquarium_window_1, aquarium_view_2e,
          hangedman_decor_points
D:4:      layout_loops_corners, nicolae_vehumet_radiance, led_sif_book,
          okawaru_metal_pillars_1_2, sigmund_army
D:5:      layout_cave_pods, mainiacjoe_overflow_concentric_impassable,
          uniq_ijyb, uniq_crazy_yiuf_cottage, uniq_prince_ribbit1
D:6:      layout_cave_pools, general_overflow_altar, serial_shops, shop,
          uniq_sigmund

Skill      XL: |  1  2  3  4  5  6 |
---------------+-------------------+-----
Spellcasting   | 3 4 5 |  5.8
Hexes          | 4 5 6 |  6.3
Stealth        | 5 6 |  6.0
Short Blades   | |  1.1
Dodging        | |  2.6

Action                   |  1- 3 |  4- 6 || total
-------------------------+-------+-------++-------
Melee: Dagger            |   125 |   127 ||   252
       Punch             |     2 |     3 ||     5
 Cast: Ensorcelled Hiber |     7 |    21 ||    28
       Tukima's Dance    |     1 |     7 ||     8
       Confusing Touch   |       |     2 ||     2
  Use: Scroll            |     7 |     4 ||    11
 Stab: Sleeping          |    10 |    21 ||    31
       Distracted        |       |     1 ||     1
Armor: Robe              |    16 |    16 ||    32
Dodge: Dodged            |    88 |    95 ||   183

Table legend: (Time is in decaauts)
 A = Elapsed time spent in this place.
 B = Non-inter-level travel time spent in this place.
 C = Inter-level travel time spent in this place.
 D = Time resting spent in this place.
 E = Time spent auto-exploring this place.
 F = Levels seen in this place.
 G = Mean time per level.
                   A        B        C        D        E       F      G
               +--------+--------+--------+--------+--------+-----+--------+
         Total |   3373 |   3305 |     68 |    276 |   2447 |   6 |  562.2 |
       Dungeon |   3373 |   3305 |     68 |    276 |   2447 |   6 |  562.2 |
               +--------+--------+--------+--------+--------+-----+--------+

Top non-repeatable levels by time:
     D:3: 1051 daAuts
     D:1: 1008 daAuts
     D:4: 848 daAuts
     D:2: 447 daAuts
     D:5: 12 daAuts
     D:6: 5 daAuts
